 Dungeon Crawl Stone Soup version 0.31.0-12-g77e489cdc1 (webtiles) character file.

Game seed: 5650920791984525319

1794 Slyph the Trooper (level 9, -3/50 HPs)
             Began as a Vine Stalker Monk on Feb 28, 2024.
             Was a Priest of Cheibriados.
             Slain by Joseph
             ... wielding a +0 quarterstaff
              (6 damage)
             ... on level 7 of the Dungeon.
             The game lasted 00:07:44 (4347 turns).

Slyph the Trooper (Vine Stalker Monk)               Turns: 4347, Time: 00:07:45

Health: -3/50      AC:  4    Str: 22    XL:     9   Next: 9%
Magic:  0/11       EV: 16    Int: 17    God:    Cheibriados [***...]
Gold:   392        SH:  5    Dex: 27    Spells: 8/8 levels left

rFire   + .          .
                       - Unarmed
rCold   . . .        c - orb {light}
rNeg    . . .        h - +0 leather armour {rF+}
rPois   .            (no helmet)
rElec   .            (no cloak)
rCorr   .            n - +0 pair of gloves
SInv    +            (no boots)
Will    +....        w - amulet of reflection
Stlth   ++           v - ring of see invisible
HPRegen 1.08/turn    (no ring)
MPRegen 0.12/turn

%: reflection, guardian spirit
@: glowing, very slow
A: fangs 3, regeneration 1, magic shield, antimagic bite, no potion heal 2
a: Renounce Religion, Bend Time, Temporal Distortion


You were on level 7 of the Dungeon.
You worshipped Cheibriados.
Cheibriados was most pleased with you.
You visited 2 branches of the dungeon, and saw 8 of its levels.

You collected 392 gold pieces.


Innate Abilities, Weirdness & Mutations

You have razor-sharp teeth.
Your natural rate of healing is unusually fast.
When hurt, damage is shared between your health and your magic reserves.
Your bite disrupts and absorbs the magic of your enemies.
Potions cannot restore your health.


   Skills:
 - Level 7.0 Fighting
 + Level 5.3 Dodging
 - Level 4.0 Stealth
 + Level 6.4 Unarmed Combat
 + Level 1.7 Invocations
 + Level 0.6 Shapeshifting


You had 8 spell levels left.
You didn't know any spells.
Your spell library contained the following spells:

 Spells                   Type           Power      Damage    Failure   Level
 Freeze                   Ice            0%         1d3       26%         1
 Slow                     Hex            0%         N/A       26%         1
 Mercury Vapours          Alch/Air       0%         N/A       38%         2
 Confusing Touch          Hex            0%         N/A       63%         3
 Frozen Ramparts          Ice            0%         1d1       63%         3
 Hailstorm                Conj/Ice       0%         3d5       63%         3
 Mephitic Cloud           Conj/Alch/Air  0%         N/A       63%         3
 Sigil of Binding         Hex            0%         N/A       63%         3
 Vampiric Draining        Necr           0%         2d6       63%         3
 Freezing Cloud           Conj/Ice/Air   0%         6-21      100%        5

Inventory:

Missiles
 u - a throwing net {=f}
Armour
 a - a +0 robe
 c - an orb of light (worn)
 h - a +0 leather armour of fire resistance (worn)
 n - a +0 pair of gloves (worn)
Magical Staves
 t - a staff of air {!a}
Jewellery
 v - a ring of see invisible (left hand)
 w - an amulet of reflection (around neck)
Talismans
 x - a serpent talisman
Wands
 r - a wand of mindburst (20)
Scrolls
 d - 2 scrolls of amnesia {unknown}
 e - 4 scrolls of fog {unknown}
 g - 2 scrolls of blinking {unknown}
 i - a scroll of enchant armour {unknown}
 j - 3 scrolls of enchant weapon {unknown}
 k - 7 scrolls of identify {unknown}
 l - 2 scrolls of fear {unknown}
 m - 3 scrolls of teleportation {unknown}
Potions
 b - a potion of haste {unknown}
 f - a potion of mutation {unknown}
 o - 2 potions of curing {unknown}
 p - a potion of cancellation {unknown}
 q - 3 potions of heal wounds {unknown}
 s - a potion of might {unknown}

Dungeon Overview and Level Annotations

Branches:
Dungeon (7/15)             Temple (1/1) D:4

Altars:
Ashenzari
Cheibriados
Dithmenos
Elyvilon
Fedhas
Gozag
Hepliaklqana
Kikubaaqudgha
Okawaru
Trog
Uskayaw
Vehumet
Wu Jian
Xom
Yredelemnul
Zin

Annotations:
D:7 Joseph #.. #.. . ... #... #. .. #.... .####.### ...## ........ KKK

#.#..#
#@####....# .
#.@......## ...
#####†....#.....
#.##<.......
#...........
#####.......
###.... ... .. #


You could see Joseph, a kobold brigand and 2 kobolds.


Message History

You are too injured to fight recklessly!
You are too injured to fight recklessly!
You are too injured to fight recklessly!
You are too injured to fight recklessly!
A kobold comes into view. It is wielding a +0 whip.
The kobold shouts!
Joseph unwields a +0 sling.
Joseph wields a +0 quarterstaff.
Joseph hits you with a +0 quarterstaff!
* * * LOW HITPOINT WARNING * * *
Joseph barely misses you.
Unknown command.
You barely miss Joseph. You bite Joseph! You drain his power.
You feel invigorated.
Joseph is lightly wounded.
Unknown command.
You hit Joseph.
Joseph is moderately wounded.
Joseph says, "Coming here was your last mistake."
Joseph misses you.
Unknown command.
You completely miss Joseph.
Joseph is moderately wounded.
Joseph hits you with a +0 quarterstaff!
* * * LOW HITPOINT WARNING * * *
Unknown command.
You hit Joseph but do no damage. You bite Joseph. You drain his power.
You feel invigorated.
Joseph is moderately wounded.
Joseph hits you with a +0 quarterstaff!
You die...

Skill      XL: |  1  2  3  4  5  6  7  8 |
---------------+-------------------------+-----
Fighting       | 3 4 5 6 7 |  7.0
Unarmed Combat | 4 5 6 |  6.4
Dodging        | 3 5 |  5.3
Stealth        | 1 4 |  4.0
Invocations    | 1 |  1.7
Shapeshifting  | |  0.6

Action                     |  1- 3 |  4- 6 |  7- 9 || total
---------------------------+-------+-------+-------++-------
  Melee: Unarmed           |    45 |   148 |   189 ||   382
         Bite              |    10 |    59 |    84 ||   153
    Use: Potion            |       |       |     1 ||     1
   Stab: Sleeping          |       |       |     1 ||     1
 Armour: Robe              |    14 |       |       ||    14
         Leather armour    |     6 |    92 |   130 ||   228
  Dodge: Dodged            |    23 |   133 |   155 ||   311

Levels and vault maps discovered:
D:1:      lightli_arrival_noodles, layout_rooms, serial_forest,
          infiniplex_forest_lined_room_2, infiniplex_forest_end_1,
          infiniplex_forest_split, infiniplex_forest_zigzag_2,
          infiniplex_forest_lined_3, infiniplex_forest_clump_long,
          infiniplex_forest_lined_3, basic_ecumenical_altar,
          dreamdust_wishing_well
D:2:      layout_basic, cheibrodos_gnoll_hut, uniq_sigmund
D:3:      layout_basic, minmay_misc_feat_encased, kennysheep_generic_room_7
D:4:      layout_cave_pools, gammafunk_temple_overflow_wave,
          minmay_temple_entry_junction
D:5:      layout_basic
D:6:      layout_cave_pools, mainiacjoe_overflow_alcove_2, uniq_blork_the_orc
D:7:      layout_basic, nicolae_ru_great_annihilating_truth, old_standard_altar,
          nicolae_houndstooth_variations, uniq_joseph
Temple:   compressed_dpeg_triangle_lava_temple

Notes
Turn   | Place    | Note
-------+----------+-------------------------------------------
     0 | D:1      | Slyph the Vine Stalker Monk began the quest for the Orb.
     0 | D:1      | Reached XP level 1. HP: 11/11 MP: 2/2
    84 | D:1      | Found a faded altar of an unknown god.
   110 | D:1      | Reached skill level 3 in Fighting
   161 | D:1      | Reached XP level 2. HP: 16/16 MP: 3/3
   757 | D:2      | Noticed Sigmund
   829 | D:2      | Killed Sigmund
   830 | D:2      | Reached skill level 4 in Fighting
   830 | D:2      | Reached skill level 4 in Unarmed Combat
   830 | D:2      | Reached skill level 3 in Dodging
   830 | D:2      | Reached XP level 3. HP: 19/21 MP: 4/4
   830 | D:2      | Reached XP level 4. HP: 23/26 MP: 5/5
   830 | D:2      | Reached XP level 5. HP: 27/30 MP: 6/6
  1072 | D:2      | Reached skill level 5 in Fighting
  1116 | D:2      | Reached XP level 6. HP: 33/35 MP: 7/7
  1692 | D:3      | Reached skill level 6 in Fighting
  1801 | D:3      | Reached XP level 7. HP: 22/40 MP: 6/8
  2039 | D:3      | Reached skill level 5 in Unarmed Combat
  2318 | D:4      | Found a staircase to the Ecumenical Temple.
  2336 | Temple   | Entered the Ecumenical Temple
  2352 | Temple   | Became a worshipper of Cheibriados the Contemplative
  2352 | Temple   | Reached * piety under Cheibriados
  2352 | Temple   | Reached ** piety under Cheibriados
  2869 | D:4      | Found a basalt altar of Yredelemnul.
  2869 | D:4      | Found a hazy altar of Hepliaklqana.
  2992 | D:5      | Entered Level 5 of the Dungeon
  3205 | D:5      | Reached skill level 7 in Fighting
  3205 | D:5      | Reached skill level 1 in Stealth
  3244 | D:5      | Gained mutation: You have razor-sharp teeth. [Vine Stalker
                  | growth]
  3244 | D:5      | Reached XP level 8. HP: 46/46 MP: 9/9
  3403 | D:5      | Reached skill level 2 in Stealth
  3702 | D:6      | Reached skill level 3 in Stealth
  3890 | D:6      | Reached skill level 4 in Dodging
  3890 | D:6      | Reached skill level 4 in Stealth
  3890 | D:6      | Reached skill level 6 in Unarmed Combat
  3956 | D:6      | Reached *** piety under Cheibriados
  3991 | D:6      | Reached skill level 5 in Dodging
  4182 | D:6      | Found a shadowy altar of Dithmenos.
  4203 | D:6      | Noticed Blork the orc
  4210 | D:6      | Reached skill level 1 in Invocations
  4224 | D:6      | Killed Blork the orc
  4225 | D:6      | Reached XP level 9. HP: 50/50 MP: 9/11
  4335 | D:7      | Noticed Joseph
  4346 | D:7      | HP: 2/50 [Joseph/+0 quarterstaff (7)]
  4347 | D:7      | Slain by Joseph

Vanquished Creatures
  Sigmund (D:2)
  A water moccasin (D:6)
  2 sky beasts
  2 ice beasts (D:6)
  2 black bears
  A centaur (D:6)
  Blork the orc (D:6)
  A bullfrog (D:6)
  A scorpion (D:4)
  A bombardier beetle (D:3)
  An orc priest (D:6)
  A jelly (D:5)
  2 hounds
  5 iguanas
  4 orc wizards
  11 gnolls
  10 adders
  A shadow imp (D:5)
  A white imp (D:6)
  2 ufetubi (D:6)
  3 dart slugs
  10 orcs
  17 ball pythons
  9 bats
  6 endoplasms
  A giant cockroach (D:2)
  3 goblins
  A hobgoblin (D:3)
  10 jackals (D:2)
  4 quokkas
  A frilled lizard (D:1)
  9 kobolds
  4 rats
129 creatures vanquished.

Table legend: (Time is in decaauts)
 A = Elapsed time spent in this place.
 B = Non-inter-level travel time spent in this place.
 C = Inter-level travel time spent in this place.
 D = Time resting spent in this place.
 E = Time spent auto-exploring this place.
 F = Levels seen in this place.
 G = Mean time per level.
                   A        B        C        D        E       F      G
               +--------+--------+--------+--------+--------+-----+--------+
         Total |   5104 |   4749 |    355 |     78 |   3713 |   8 |  638.0 |
       Dungeon |   5064 |   4748 |    316 |     78 |   3713 |   7 |  723.4 |
        Temple |     39 |      1 |     38 |      0 |      0 |   1 |   39.0 |
               +--------+--------+--------+--------+--------+-----+--------+

Top non-repeatable levels by time:
     D:3: 953 daAuts
     D:5: 930 daAuts
     D:6: 923 daAuts
     D:1: 788 daAuts
     D:4: 748 daAuts
     D:2: 688 daAuts
  Temple: 39 daAuts
     D:7: 31 daAuts

Table legend:
 A = Non-vault XP
 B = Vault XP
 C = Vault XP percentage of total XP
 D = Non-vault monster count
 E = Vault monster count
 F = Vault count percentage of total count
                 A         B        C        D         E       F
            +---------+---------+-------+---------+---------+-------
      Total |    2213 |     351 |  13.7 |     124 |       5 |   3.9
            +---------+---------+-------+---------+---------+-------
        D:1 |      30 |       0 |   0.0 |      21 |       0 |   0.0
        D:2 |      86 |     257 |  74.9 |      29 |       4 |  12.1
        D:3 |     389 |       0 |   0.0 |      36 |       0 |   0.0
        D:4 |     196 |       0 |   0.0 |      14 |       0 |   0.0
        D:5 |     333 |       0 |   0.0 |       8 |       0 |   0.0
        D:6 |    1050 |      94 |   8.2 |      15 |       1 |   6.2
        D:7 |     129 |       0 |   0.0 |       1 |       0 |   0.0
            +---------+---------+-------+---------+---------+-------
